 Dungeon Crawl Stone Soup version 0.21-a0-516-gaaff437 (webtiles) character file.

511 Gerstahl the Skirmisher (level 6, -2/51 HPs)
             Began as a Demonspawn Gladiator on Dec 3, 2017.
             Slain by Scuka's ghost (11 damage)
             ... on level 4 of the Dungeon.
             The game lasted 00:07:02 (3975 turns).

Gerstahl the Skirmisher (Demonspawn Gladiator)      Turns: 3975, Time: 00:07:03

Health: -2/51      AC: 13    Str: 14    XL:     6   Next: 99%
Magic:  6/6        EV: 18    Int: 10    God:
Gold:   144        SH:  0    Dex: 21    Spells: 5/5 levels left

rFire    . . .     SeeInvis .   d - +3 quarterstaff (chaos)
rCold    . . .     Gourm    .   (shield currently unavailable)
rNeg     . . .     Faith    .   b - +0 leather armour
rPois    .         Spirit   .   c - +0 helmet
rElec    .         Reflect  .   (no cloak)
rCorr    .         Harm     .   (no gloves)
MR       .....                  (no boots)
Stlth    +++.......             (no amulet)
HPRegen  0.17/turn              (no ring)
MPRegen  0.10/turn              (no ring)

@: agile, sanguine armour
A: powered by pain 2, sanguine armour 2
a: no special abilities


You were on level 4 of the Dungeon.
You were hungry.

You visited 1 branch of the dungeon, and saw 4 of its levels.

You collected 144 gold pieces.

Inventory:

Hand Weapons
 a - a +0 quarterstaff
 d - a +3 quarterstaff of chaos (weapon)
Missiles
 t - a throwing net (quivered)
Armour
 b - a +0 leather armour (worn)
 c - a +0 helmet (worn)
Wands
 f - a wand of random effects (30)
Scrolls
 e - 2 scrolls of amnesia {unknown}
 h - a scroll of fog {unknown}
 i - a scroll of enchant armour {unknown}
 k - 5 scrolls of identify {unknown}
 l - a scroll of fear {unknown}
 n - 2 scrolls of teleportation {unknown}
 p - 2 scrolls of magic mapping {unknown}
Potions
 m - a potion of magic
 o - a potion of resistance {unknown}
 r - a potion of haste {unknown}
Comestibles
 g - 2 meat rations
 j - 2 bread rations
 s - a royal jelly


   Skills:
 + Level 5.5 Fighting
 + Level 5.4 Staves
 - Level 1.7 Throwing
 - Level 2.6 Dodging


You had 5 spell levels left.
You didn't know any spells.

Dungeon Overview and Level Annotations

Branches:
Dungeon (4/15)
 Temple: D:4-7

Altars:

Annotations:
D:4 Scuka's ghost, novice MfBe


Innate Abilities, Weirdness & Mutations

You sometimes gain power by taking damage.
When seriously injured, your bleeding wounds create thick armour. (AC +9)


Message History

Scuka's ghost is lightly damaged.
Scuka's ghost hits you but does no damage.
You sock Scuka's ghost! You burn Scuka's ghost.
Scuka's ghost is heavily damaged.
Scuka's ghost hits you! x2
* * * LOW HITPOINT WARNING * * *
You focus on the pain.
You feel more agile all of a sudden.
Scuka's ghost says, "Your head on a pike would complement this floor nicely."
Scuka's ghost completely misses you. Scuka's ghost hits you.
* * * LOW HITPOINT WARNING * * *
Okay, then.
Evoke which item? (* to show all) (? for menu, Esc to quit)
Okay, then.
You are feeling hungry.
Scuka's ghost completely misses you. Scuka's ghost closely misses you.
Scuka's ghost hits you!
You die...

#.# #.########
#.#......# #.#.###.##
#########
###.#.###.####........
#.....................
###.#.#.########........
#..>.h.hW@........[...##
###.#.#######.#).##...#
#.#.....#.........#.#
#h#####.#.#.##.####.#
#.# . #.#.#+#........#
#.#.# #......#######.#
#w#.# #......# #...#
#......# #.#.# #......#


You could see Scuka's ghost and 2 jackals.

Vanquished Creatures
  Sigmund (D:2)
  Crazy Yiuf (D:3)
  Natasha (thrice) (D:2)
  An orc wizard (D:3)
  Robin (D:3)
  A gnoll (D:3)
  7 adders
  A shadow imp (D:3)
  2 worms (D:2)
  2 dart slugs
  3 leopard geckos
  5 orcs (D:3)
  11 bats
  6 giant cockroaches
  16 goblins
  10 hobgoblins
  2 jackals (D:1)
  A quokka (D:3)
  2 ball pythons (D:3)
  8 frilled lizards
  9 kobolds
  12 rats
105 creatures vanquished.

Vanquished Creatures (others)
  A sky beast (D:3)
1 creature vanquished.

Grand Total: 106 creatures vanquished

Notes
Turn   | Place    | Note
-------+----------+-------------------------------------------
     0 | D:1      | Gerstahl the Demonspawn Gladiator began the quest for the Orb.
     0 | D:1      | Reached XP level 1. HP: 16/16 MP: 1/1
   121 | D:1      | Gained mutation: When seriously injured, your bleeding wounds create armour. (AC +9) [demonic ancestry]
   121 | D:1      | Reached XP level 2. HP: 21/23 MP: 2/2
   835 | D:2      | Gained mutation: You sometimes gain a little power by taking damage. [demonic ancestry]
   835 | D:2      | Reached XP level 3. HP: 28/28 MP: 3/3
   928 | D:2      | Noticed Natasha
  1218 | D:2      | Gained mutation: You sometimes gain power by taking damage. [demonic ancestry]
  1218 | D:2      | Reached XP level 4. HP: 31/35 MP: 4/4
  1247 | D:2      | Killed Natasha
  1275 | D:2      | Noticed Sigmund
  1614 | D:2      | Killed Sigmund
  1614 | D:2      | Reached XP level 5. HP: 41/43 MP: 5/5
  1689 | D:2      | Noticed Natasha
  1693 | D:2      | Killed Natasha
  1693 | D:2      | Gained mutation: When seriously injured, your bleeding wounds create thick armour. (AC +9) [demonic ancestry]
  1693 | D:2      | Reached XP level 6. HP: 45/49 MP: 6/6
  1969 | D:3      | Noticed Robin
  2008 | D:3      | HP: 2/49 [Robin/short sword (5)]
  2012 | D:3      | Killed Robin
  2577 | D:3      | Reached skill level 5 in Staves
  2610 | D:3      | Reached skill level 5 in Fighting
  2658 | D:3      | Found a runed door.
  2734 | D:3      | Noticed a sky beast
  2769 | D:3      | Killed a sky beast
  3012 | D:2      | Noticed Natasha
  3021 | D:2      | Killed Natasha
  3457 | D:3      | Noticed Crazy Yiuf
  3474 | D:3      | Killed Crazy Yiuf
  3948 | D:4      | Noticed Scuka's ghost (novice MfBe)
  3975 | D:4      | Slain by Scuka's ghost

Vault maps used:
D:1:      kilobyte_arrival_exit_the_forest, minmay_box_of_dots
D:2:      kennysheep_generic_room_6, uniq_natasha, uniq_sigmund
D:3:      uniq_crazy_yiuf_cottage, uniq_robin
D:4:      first_bread, uniq_edmund, uniq_pikel, uniq_grinder

Skill      XL: |  1  2  3  4  5  6 |
---------------+-------------------+-----
Staves         | 3 4 5 |  5.4
Fighting       | 3 4 5 |  5.5
Throwing       | |  1.7
Dodging        | |  2.6

Action                   |  1- 3 |  4- 6 || total
-------------------------+-------+-------++-------
Melee: Quarterstaff      |   102 |   220 ||   322
Throw: Throwing net      |     2 |     3 ||     5
  Use: Potion            |     1 |     6 ||     7
 Stab: Sleeping          |     2 |     1 ||     3
       Held in net/web   |       |     2 ||     2
  Eat: Fruit             |       |     5 ||     5
       Bread ration      |       |     1 ||     1
       Chunk             |       |     1 ||     1
Armor: Leather armour    |    50 |    75 ||   125
Dodge: Dodged            |    81 |   176 ||   257

Table legend:
 A = Spawn XP
 B = Non-spawn XP
 C = Spawn XP percentage of total XP
 D = Spawn monster count
 E = Non-spawn monster count
 F = Spawn count percentage of total count
 G = Total turns spent on level
                    A         B        C        D         E        F      G
               +---------+---------+-------+---------+---------+-------+---------
         Total |       0 |     731 |   0.0 |       0 |     106 |   0.0 |  3975
               +---------+---------+-------+---------+---------+-------+---------
           D:1 |       0 |      41 |   0.0 |       0 |      26 |   0.0 |  1004
           D:2 |       0 |     382 |   0.0 |       0 |      26 |   0.0 |  1144
           D:3 |       0 |     291 |   0.0 |       0 |      51 |   0.0 |  1752
           D:4 |       0 |      17 |   0.0 |       0 |       3 |   0.0 |    75
               +---------+---------+-------+---------+---------+-------+---------
